 Dungeon Crawl Stone Soup version 0.30-a0-622-gddc90eaa04 (webtiles) character file.

Game seed: 1606304458861120290

1453498 MackTheKnife the Acrobat (level 25, 141/141 HPs)
             Began as a Spriggan Enchanter on Jan 9, 2023.
             Was an Initiate of Gozag.
             Escaped with the Orb
             ... and 3 runes on Jan 10, 2023!
             The game lasted 04:27:06 (90486 turns).

MackTheKnife the Acrobat (Spriggan Enchanter)      Turns: 90486, Time: 04:27:06

Health: 141/141    AC: 17    Str:  4    XL:     25   Next: 66%
Magic:  37/37      EV: 39    Int: 27    God:    Gozag
Gold:   977        SH: 11    Dex: 21    Spells: 4/60 levels left

rFire   + + .      SeeInvis +    A - +10 rapier "Giantbane" {speed, Fly rC+ MP-9, short}
rCold   + + .      Faith    .    S - +3 buckler {AC+3}
rNeg    + + .      Spirit   .    T - +5 steam dragon scales
rPois   .          Reflect  .    l - +2 hat
rElec   .          Harm     .    q - scarf {repulsion}
rCorr   .          Rampage  .    (gloves unavailable)
Will    +++++      Clarity  +    (boots unavailable)
Stlth   +++                      P - amulet of Deum {RegenMP rF+}
HPRegen 0.43/turn                o - ring "Ririok" {Wiz Slay+6}
MPRegen 0.65/turn                M - ring of Manguvah {rF+ rC+ rN++ Int+4 Slay-6}

@: flying, repel missiles, very quick
A: very small, no large weapons, unfitting armour, see invisible, speed 3,
iridescent scales 1, clarity, deformed body, strong-willed 1, noise suppression
0: Orb of Zot
}: 3/15 runes: barnacled, silver, gossamer
a: Renounce Religion, Potion Petition, Call Merchant, Bribe Branch


You escaped.
You worshipped Gozag.
Gozag was pleased with you.
You visited 11 branches of the dungeon, and saw 51 of its levels.
You visited 1 bazaar.

You collected 24159 gold pieces.
You spent 5876 gold pieces at shops.
You paid 17306 gold pieces to Gozag.


Innate Abilities, Weirdness & Mutations

You are very small and have problems with some larger weapons.
You are too small for most types of armour.
You have supernaturally acute eyesight. (SInv)
You cover ground extremely quickly. (Speed+++)
You are partially covered in iridescent scales. (AC +2)
You possess an exceptional clarity of mind.
Armour fits poorly on your strangely shaped body.
You are strong-willed. (Will+)
You passively dampen the noise of your surroundings.


   Skills:
 - Level 17.5 Fighting
 - Level 14.0 Short Blades
 - Level 11.2 Armour
 + Level 23.7 Dodging
 - Level 20.0 Stealth
 - Level 11.2 Shields
 - Level 18.1 Spellcasting
 - Level 10.0 Conjurations
 - Level 13.2 Hexes
 - Level 12.5 Summonings
 - Level 11.5 Necromancy
 - Level 10.0 Transmutations
 - Level 11.5 Earth Magic
 - Level 8.0 Evocations


You had 4 spell levels left.
You knew the following spells:

 Your Spells              Type           Power      Damage    Failure   Level
a - Ensorcelled Hibernat  Hex/Ice        100%       N/A       1%          2
b - Confusing Touch       Hex            77%        N/A       1%          3
c - Yara's Violent Unrav  Hex/Tmut       36%        3d15      1%          5
d - Enfeeble              Hex            38%        N/A       4%          7
e - Lee's Rapid Deconstr  Erth           36%        3d18*     1%          5
f - Iron Shot             Conj/Erth      35%        9d7       2%          6
g - Blink                 Tloc           48%        N/A       1%          2
i - Passwall              Tmut/Erth      58%        N/A       1%          2
j - Irradiate             Conj/Tmut      34%        3d23      1%          5
k - Death Channel         Necr           36%        N/A       1%          6
m - Summon Cactus Giant   Summ           37%        N/A       1%          6
n - Haunt                 Necr/Summ      37%        N/A       7%          7

Your spell library contained the following spells:

 Spells                   Type           Power      Damage    Failure   Level
 Slow                     Hex            100%       N/A       0%          1
 Summon Small Mammal      Summ           100%       N/A       0%          1
 Beastly Appendage        Tmut           100%       N/A       1%          1
 Freeze                   Ice            96%        1d10      1%          1
 Kiss of Death            Conj/Necr      100%       2d13      1%          1
 Magic Dart               Conj           100%       1d8       1%          1
 Necrotise                Necr           100%       1d9       1%          1
 Sandblast                Erth           100%       2d20      1%          1
 Call Imp                 Summ           75%        N/A       1%          2
 Cigotuvi's Dreadful Rot  Necr/Pois/Air  90%        N/A       1%          2
 Scorch                   Fire           48%        2d7       1%          2
 Static Discharge         Conj/Air       100%       2-7/arc   1%          2
 Sublimation of Blood     Necr           72%        N/A       1%          2
 Wereblood                Tmut           68%        N/A       1%          2
 Dazzling Flash           Conj/Hex       100%       N/A       1%          3
 Inner Flame              Hex/Fire       57%        N/A       1%          3
 Mephitic Cloud           Conj/Pois/Air  42%        N/A       1%          3
 Portal Projectile        Hex/Tloc       100%       N/A       1%          3
 Spider Form              Tmut/Pois      51%        N/A       1%          3
 Stone Arrow              Conj/Erth      100%       3d13      1%          3
 Tukima's Dance           Hex            77%        N/A       1%          3
 Vampiric Draining        Necr           72%        2d11      1%          3
 Animate Armour           Summ/Erth      100%       N/A       1%          4
 Cause Fear               Hex            38%        N/A       1%          4
 Dispel Undead            Necr           72%        3d24      1%          4
 Flame Wave               Conj/Fire      51%        2d13      1%          4
 Fulminant Prism          Conj/Hex       36%        3d17      1%          4
 Ice Form                 Ice/Tmut       51%        N/A       1%          4
 Iskenderun's Mystic Bla  Conj/Tloc      51%        2d11      1%          4
 Leda's Liquefaction      Hex/Erth       37%        N/A       1%          4
 Petrify                  Tmut/Erth      70%        N/A       1%          4
 Summon Ice Beast         Ice/Summ       55%        N/A       1%          4
 Summon Lightning Spire   Summ/Air       55%        N/A       1%          4
 Frozen Ramparts          Ice            48%        1d8       3%          3
 Gell's Gravitas          Tloc           24%        N/A       3%          3
 Kindle Blastsparks       Fire/Tloc/Air  48%        2d14      3%          3
 Lesser Beckoning         Tloc           48%        N/A       3%          3
 Ozocubu's Armour         Ice            24%        N/A       3%          3
 Swiftness                Air            24%        N/A       3%          3
 Teleport Other           Tloc           24%        N/A       3%          3
 Airstrike                Air            12%        2d(2-18)  12%         4
 Manifold Assault         Tloc           24%        N/A       12%         4
 Olgreb's Toxic Radiance  Pois           24%        N/A       12%         4
 Agony                    Necr           72%        N/A       1%          5
 Blade Hands              Tmut           34%        N/A       1%          5
 Summon Mana Viper        Hex/Summ       76%        N/A       1%          5
 Metabolic Englaciation   Hex/Ice        28%        N/A       2%          5
 Summon Forest            Summ/Tloc      27%        N/A       2%          5
 Statue Form              Tmut/Erth      46%        N/A       2%          6
 Lightning Bolt           Conj/Air       25%        1d41      4%          5
 Monstrous Menagerie      Summ           37%        N/A       6%          7
 Dragon Form              Tmut           34%        N/A       16%         7
 Conjure Ball Lightning   Conj/Air       25%        3x3d7     22%         6
 Eringya's Noxious Bog    Tmut/Pois      25%        N/A       22%         6
 Starburst                Conj/Fire      25%        6d8       22%         6
 Discord                  Hex            38%        N/A       32%         8
 Summon Horrible Things   Summ           37%        N/A       38%         8
 Borgnjor's Revivificati  Necr           36%        N/A       52%         8
 Malign Gateway           Summ/Tloc      27%        N/A       56%         7
 Necromutation            Tmut/Necr      35%        N/A       63%         8
 Storm Form               Tmut/Air       25%        N/A       75%         7
 Dispersal                Tloc           12%        N/A       85%         6
 Ozocubu's Refrigeration  Ice            12%        4d10      100%        7
 Disjunction              Tloc           12%        N/A       100%        8
 Ignition                 Fire           12%        3d6       100%        8
 Death's Door             Necr           36%        N/A       100%        9
 Shatter                  Erth           36%        3d29*     100%        9
 Simulacrum               Ice/Necr       Unusable   N/A       N/A         6

Inventory:

Hand Weapons
 A - the +10 rapier "Giantbane" (weapon) {speed, Fly rC+ MP-9, short}
   (You acquired it on level 10 of the Dungeon)

   rC:        It protects you from cold.
   MP:        It affects your magic capacity (-9).
   Fly:       It grants you flight.
Armour
 l - a +2 hat (worn)
   (You found it on level 4 of the Lair of Beasts)
 q - a scarf of repulsion (worn)
   (You found it on level 4 of the Spider Nest)
 S - a +3 buckler of protection (worn)
   (You took it off a deep elf knight on level 1 of the Elven Halls)
 T - +5 steam dragon scales (worn)
   (You bought it in a shop on level 8 of the Dungeon)
Jewellery
 e - a +6 ring of dexterity
   (You found it on level 2 of the Vaults)
 o - the ring "Ririok" (left hand) {Wiz Slay+6}
   (You found it on level 1 of the Crypt)

   [ring of wizardry]

   It improves your spell success rate.
   Slay:      It affects your accuracy & damage with ranged weapons and melee
   (+6).
 u - the ring "Zofude" {Fly Int+7}
   (You bought it in a shop on level 2 of the Shoals)

   [ring of flight]

   Int:       It affects your intelligence (+7).
   Fly:       It grants you flight.
 B - a ring of resist corrosion
   (You bought it in a shop on level 2 of the Orcish Mines)
 I - a ring of poison resistance
   (You found it on level 2 of the Lair of Beasts)
 M - the ring of Manguvah (right hand) {rF+ rC+ rN++ Int+4 Slay-6}
   (You bought it in a shop on level 14 of the Dungeon)

   [ring of protection from cold]

   Int:       It affects your intelligence (+4).
   Slay:      It affects your accuracy & damage with ranged weapons and melee
   (-6).
   rF:        It protects you from fire.
   rC:        It protects you from cold.
   rN:        It greatly protects you from negative energy.
 P - the amulet of Deum (around neck) {RegenMP rF+}
   (You bought it in a shop on level 14 of the Dungeon)

   [amulet of magic regeneration]

   It increases your rate of magic regeneration.
   rF:        It protects you from fire.
Wands
 b - a wand of digging (4)
   (You took it off Sonja on level 2 of the Lair of Beasts)
 d - a wand of flame (69)
   (You found it on level 4 of the Lair of Beasts)
 z - a wand of mindburst (26)
   (You found it on level 8 of the Dungeon)
 C - a wand of charming (57)
   (You found it on level 6 of the Dungeon)
 J - a wand of light (2)
   (You took it off a deep elf zephyrmancer on level 2 of the Elven Halls)
 Q - a wand of iceblast (8)
   (You found it on level 13 of the Dungeon)
 W - a wand of polymorph (10)
   (You found it on level 2 of the Depths)
Scrolls
 g - 6 scrolls of immolation {!r!r}
 k - 7 scrolls of amnesia
 m - 2 scrolls of fear
 n - 14 scrolls of enchant weapon
 p - 13 scrolls of teleportation {@r4}
 t - 6 scrolls of enchant armour
 v - 5 scrolls of poison {!r}
 w - 7 scrolls of blinking {!r}
 x - 3 scrolls of magic mapping {!r}
 D - 4 scrolls of identify {@r1}
 L - 6 scrolls of fog
 N - 6 scrolls of brand weapon
 V - a scroll of summoning
 Y - 6 scrolls of vulnerability {!r!r}
Potions
 a - 8 potions of lignification {!q}
 c - 4 potions of invisibility
 i - 17 potions of curing {@q1}
 r - 8 potions of cancellation
 s - 5 potions of magic
 F - 8 potions of mutation {!q}
 G - 6 potions of ambrosia
 H - 7 potions of brilliance
 K - 7 potions of might
 R - 4 potions of haste {@q3}
 U - 10 potions of flight
 X - 5 potions of heal wounds {@q2}
 Z - 4 potions of resistance
Miscellaneous
 f - a condenser vane
   (You found it on level 3 of the Elven Halls)
 h - a piece from Xom's chessboard (15/15)
   (You found it on level 4 of the Shoals)
 j - a tin of tremorstones (2/2) {throwing}
   (You found it on level 3 of the Elven Halls)
 y - a box of beasts
   (You found it on level 3 of the Elven Halls)
 E - a lightning rod (4/4)
   (You found it on level 11 of the Dungeon)
 O - a phial of floods
   (You found it on level 1 of the Lair of Beasts)

Dungeon Overview and Level Annotations

Branches:
Dungeon (15/15)            Temple (1/1) D:6            Lair (5/5) D:8
 Shoals (4/4) Lair:2       Spider (4/4) Lair:2        Slime (0/5) Lair:4
    Orc (2/2) D:11            Elf (3/3) Orc:2        Vaults (5/5) D:14
  Crypt (3/3) Vaults:3       Tomb (0/3) Crypt:3      Depths (4/4) D:15
    Zot (5/5) Depths:4

Altars:
Ashenzari
Cheibriados
Dithmenos
Elyvilon
Gozag
Hepliaklqana
Kikubaaqudgha
Makhleb
Nemelex Xobeh
Okawaru
Qazlal
Ru
Sif Muna
Trog
Uskayaw
Vehumet
Wu Jian
Xom
Zin
The Shining One
Jiyva

Shops:
D:8 [   D:11 *   D:13 *   D:14 =   Orc:2 (*?*!   Elf:1 [   Lair:5 (
Shoals:1 *   Shoals:2 [=(   Spider:2 ?   Vaults:3 ::   Vaults:5 =   Depths:2 [

Portals:
Hell: Depths:1 Depths:2 Depths:3 Depths:4
Abyss: Depths:1 Depths:3 Depths:4
Pandemonium: Depths:1
Ziggurat: Depths:2

Annotations:
D:13 Azrael
Lair:1 Amaemon
Lair:3 2 transporters
Lair:4 exclusion: oklob plant
Shoals:3 1 runed translucent door, exclusion: water nymph, ThereIsNoGod's ghost, adept OpFi
Shoals:4 exclusions: kraken and water nymph
Spider:2 exclusions: spark wasp and tarantella
Spider:3 1 runed translucent door, bmj180's ghost, adept GrEE
Spider:4 Mlioglotl
Elf:2 3 runed translucent doors
Vaults:4 36 runed doors
Vaults:5 Mara
Crypt:1 1 transporter, exclusions: curse skull, 2 tengu reavers and 1 more exclusion, Mennas; Sojobo
Depths:3 exclusion: door
Depths:4 Vv
Zot:1 Grunn
Zot:3 exclusions: 3 doors and upstairs

............#.# #.#~~~~.~.#.
...##.........## #...P.~.P.#.
######.####.#..#######.#.....###.
#...##....)....##...........
###.#####.####.#)..########. #.#
#....................
##.####.⌠...⌠.....#######..
##...##...#'#..###.# #..
#.........#@#..# #.# #.#
#....###..###..###.## #.#
######.#.## #.⌠...⌠....>.# #.#
.......#.# #............# #.#
########.# ###..........######.#
#.# ####..............# #.###
##......########
#...########.##.###
#............##.#


There were no monsters in sight!


Message History

😕 MP[+1] 😕 MP[+1] 😕 HP[+1] 😕 MP[+1] 😕 HP[+1] MP[+1] 😕 HP[+1] MP[+1]
An Orb Guardian is nearby! 😕 MP[+1] 😕 HP[+1] 😕 MP[+1] 😕 HP[+1] MP[+1] 😕 MP[+1] Unknown command.
Unknown command.
You feel yourself speed up. 😕 HP[+1] MP[+1] 😕 MP[+1] 😕 HP[+1] 😕 MP[+1] 😕 HP[+1] 😕 MP[+1] 😕 MP[+1] 😕 HP[+1] 😕 MP[+1]
Your mp is fully restored (37). 😕 HP[+1]
There is a stone staircase leading up, spattered with blood here.
You fly upwards.
Level annotation: Azrael
There is a stone staircase leading down here.
(D) Dungeon (T) Temple (L) Lair (A) Shoals (N) Spider Nest (M) Slime Pits (O) Orcish Mines (E) Elven Halls (V) Vaults (C) Crypt (W) Tomb (U) Depths (H) Hell (Z) Zot
Where to? (Enter - D:15 @ (x,y), ? - help)
What level of the Dungeon? (default 1, ? - help)
There is a stone staircase leading up, spattered with blood here.
You fly upwards.
There is a stone staircase leading down here.
There is a stone staircase leading up here.
You fly upwards.
There is a stone staircase leading down here.
There is an open door here.
There is an open door here.
There is a stone staircase leading up here.
You fly upwards.
There is a stone staircase leading down here.
Your extra speed is starting to run out.
There is a stone staircase leading up here.
You fly upwards.
You feel yourself slow down.
There is a stone staircase leading down here.
Key pressed, stopping travel.
Unknown command. 😎 HP[+5]
Your hp is fully restored (141).
Unknown command.
(D) Dungeon (T) Temple (L) Lair (A) Shoals (N) Spider Nest (M) Slime Pits (O) Orcish Mines (E) Elven Halls (V) Vaults (C) Crypt (W) Tomb (U) Depths (H) Hell (Z) Zot
Where to? (Enter - D:1, ? - help)
What level of the Dungeon? (default 1, ? - help)
There is an open door here.
There is a stone staircase leading up here.
You fly upwards.
There is a stone staircase leading down here.
Things that are here:
a +0 ring mail; a +0 hand axe {axe}
There is a stone staircase leading up here.
You fly upwards.
There is a stone staircase leading down here.
There is a stone staircase leading up here.
You fly upwards.
There is a stone staircase leading down here.
Things that are here:
a +0 leather armour; a +0 whip {mace}
There is a stone staircase leading up here.
You fly upwards.
There is a stone staircase leading down here.
There is a stone staircase leading up here.
You fly upwards.
There is a stone staircase leading down here.
Things that are here:
a +0 leather armour; a +0 hand axe {axe} You see here a +0 hand axe {axe}.
There is a stone staircase leading up here.
You fly upwards.
There is a stone staircase leading down here.
There is a stone staircase leading up here.
You fly upwards.
There is a stone staircase leading down here.
You see here a +0 ring mail.
You see here 5 stones {throwing}.
There is a stone staircase leading up here.
You fly upwards.
There is a stone staircase leading down here.
There is an open door here.
There is a staircase leading out of the dungeon here.
You have escaped!

Skill      XL: |  1  2  3  4  5  6  7  8  9 10 11 12 13 14 15 16 17 18 19 20 21 22 23 24 25 |
---------------+----------------------------------------------------------------------------+-----
Stealth        | 5 6 7 9 10 12 14 20 | 20.0
Spellcasting   | 3 4 5 6 10 12 14 17 18 | 18.1
Hexes          | 4 5 6 9 10 13 | 13.2
Dodging        | 4 8 10 11 16 18 20 21 23 | 23.7
Short Blades   | 3 6 8 12 14 | 14.0
Fighting       | 4 6 10 11 12 13 14 17 | 17.5
Conjurations   | 3 4 8 10 | 10.0
Earth Magic    | 10 11 | 11.5
Armour         | 1 5 11 | 11.2
Transmutations | 10 | 10.0
Evocations     | 8 |  8.0
Necromancy     | 7 8 9 11 | 11.5
Shields        | 5 11 | 11.2
Summonings     | 10 12 | 12.5

Action                   |  1- 3 |  4- 6 |  7- 9 | 10-12 | 13-15 | 16-18 | 19-21 | 22-24 | 25-27 || total
-------------------------+-------+-------+-------+-------+-------+-------+-------+-------+-------++-------
Melee: Dagger            |    47 |   111 |   192 |   410 |   106 |       |       |       |       ||   866
       Punch             |     1 |     2 |     4 |     9 |    25 |    25 |    26 |    12 |       ||   104
       Rapier            |       |       |       |       |  1286 |  1312 |  1153 |  1611 |   223 ||  5585
Throw: Dart              |    18 |       |       |     2 |       |       |       |       |       ||    20
 Cast: Ensorcelled Hiber |    18 |    35 |    55 |   131 |   127 |   248 |    18 |    59 |       ||   691
       Confusing Touch   |     1 |     5 |    17 |    26 |   158 |   113 |   130 |   145 |     1 ||   596
       Fulminant Prism   |       |       |       |    37 |    39 |       |       |       |       ||    76
       Leda's Liquefacti |       |       |       |       |     2 |       |     1 |       |       ||     3
       Lee's Rapid Decon |       |       |       |       |     9 |       |       |    36 |       ||    45
       Iron Shot         |       |       |       |       |       |    96 |    97 |   283 |    62 ||   538
       Irradiate         |       |       |       |       |       |       |    87 |    83 |       ||   170
       Blink             |       |       |       |       |       |       |       |     4 |     2 ||     6
       Dazzling Flash    |       |       |       |       |       |       |       |     1 |       ||     1
       Summon Cactus Gia |       |       |       |       |       |       |       |     9 |     2 ||    11
       Summon Lightning  |       |       |       |       |       |       |       |     4 |       ||     4
       Death Channel     |       |       |       |       |       |       |       |     3 |     7 ||    10
       Haunt             |       |       |       |       |       |       |       |    33 |    42 ||    75
       Enfeeble          |       |       |       |       |       |       |       |    32 |    23 ||    55
       Yara's Violent Un |       |       |       |       |       |       |       |       |     2 ||     2
Invok: Call Merchant     |       |       |     1 |       |     4 |     2 |     1 |     1 |       ||     9
       Bribe Branch      |       |       |       |       |       |       |       |       |     2 ||     2
Evoke: Wand              |       |       |     3 |       |     8 |    20 |     5 |    18 |     1 ||    55
       Phial of floods   |       |       |       |       |     1 |     1 |       |     2 |       ||     4
       Lightning rod     |       |       |       |       |     1 |     8 |     2 |       |       ||    11
       Condenser vane    |       |       |       |       |       |       |       |     5 |     2 ||     7
       Box of beasts     |       |       |       |       |       |       |       |     4 |     1 ||     5
  Use: Scroll            |       |       |    16 |    11 |    14 |     3 |     1 |    15 |     3 ||    63
       Potion            |       |       |       |     1 |     3 |     3 |     3 |     3 |     8 ||    21
 Stab: Sleeping          |    28 |    41 |    47 |    81 |   106 |   186 |    57 |   136 |    10 ||   692
       Confused          |     1 |     3 |     9 |    25 |   145 |   140 |   118 |   136 |     1 ||   578
       Distracted        |       |       |     2 |     5 |    10 |     8 |     8 |    26 |    14 ||    73
       Invisible         |       |       |       |       |       |       |       |    39 |    22 ||    61
Armor: Robe              |       |     6 |     2 |     6 |       |       |       |       |       ||    14
       Steam dragon scal |       |       |       |    13 |    72 |    66 |    58 |    73 |    22 ||   304
Dodge: Dodged            |    25 |    54 |   119 |   336 |   801 |   930 |   648 |   994 |   200 ||  4107
       Repelled          |       |       |       |       |       |       |    15 |    12 |     5 ||    32
Block: Other             |       |       |       |    34 |   154 |   149 |    95 |     1 |       ||   433
       Reflection        |       |       |       |       |    16 |     9 |    10 |       |       ||    35
       Buckler           |       |       |       |       |       |       |       |   225 |    72 ||   297

Levels and vault maps discovered:
D:1:      scummos_arrival_simple_fountains, layout_loops_ring,
          roderic_lattice_a, serial_bayou_pond_b, minivault_27,
          chequers_serial_rivers_micro_e, nicolae_figureground_sparkle
D:2:      minmay_evil_eye, layout_basic
D:3:      cheibrodos_helix_gallery, layout_rooms, general_overflow_altar,
          gammafunk_ghost_cemetery, kennysheep_another_room
D:4:      layout_cave_pools
D:5:      layout_basic, pdpol_wu_jian_five_deadly_venoms,
          hangedman_decor_peaks_small, kennysheep_doodads
D:6:      wad_pebble_path, layout_basic, grunt_qazlal_clouds,
          minmay_temple_entry_trees, lightli_orcish_oven
D:7:      layout_basic
D:8:      layout_cave_pods, grunt_lair_entry_orc_guard_hut
D:9:      layout_basic, chequers_temple_overflow_minitemple,
          chequers_temple_overflow_statue_of_worship,
          hellmonk_guarded_unrand_gong
D:10:     layout_cave_pools, minivault_27
D:11:     nzn_winding_woodlands_cross
          [nzn_winding_woodlands_5x15_river_crossing,
          nzn_winding_woodlands_5x15_crooked, nzn_winding_woodlands_5x15_pool,
          nzn_winding_woodlands_5x15_cabin,
          nzn_winding_woodlands_15x15_five_gardens], layout_loops_corners
D:12:     kennysheep_windowed_halls, layout_basic, uniq_josephine
D:13:     lemuel_traditional_vault, layout_irregular_city, uniq_azrael
D:14:     layout_rooms, david_vaults_3, hangedman_abyss_or_decor_stabs,
          nicolae_concentric_dashed_squares_mild, uniq_agnes
D:15:     grunt_enter_depths_snipers, layout_layer_cave, st_stairs_4
Temple:   dpeg_chambers_temple
Lair:1:   layout_cave_pods, wad_woods_road_05, uniq_amaemon
Lair:2:   layout_gridlike, minmay_shoals_entry_lonely_mermaid,
          spider_nest_entry_a, beast_lair_carwin_6, lemuel_fruit_tree,
          uniq_sonja
Lair:3:   gammafunk_boulding_lane, layout_long_grid, beast_lair_carwin_5,
          serial_bayou_shore_a, infiniplex_staircase_pool_2, grunt_megastairs_5
Lair:4:   layout_big_grid, slime_entry_1, serial_forest,
          infiniplex_forest_clump_small, infiniplex_forest_clump_tiny,
          infiniplex_forest_straight_3, infiniplex_forest_lined_ring,
          infiniplex_forest_clump_long, infiniplex_forest_lined_3, dpeg_oklob_1,
          grunt_megastairs_4
Lair:5:   wormcave, layout_small_grid, guppyfry_lair_end_dragon,
          chequers_serial_rivers_micro_b, st_stairs_7,
          dreamdust_mushroom_princess, grunt_megastairs_2
Shoals:1: layout_shoals, serial_shops, nicolae_shop_hallway_stairs, uniq_aizul
Shoals:2: layout_shoals, serial_shops, nicolae_shop_statue_plus,
          nicolae_shop_trees, nicolae_shop_bloodbath_and_beyond, ldierk_geyser
Shoals:3: layout_shoals, gammafunk_ghost_grave
Shoals:4: shoals_end_grunt_ice, layout_shoals
Spider:1: layout_cave_pods
Spider:2: layout_chambers, nicolae_spider_stair_cavern,
          hangedman_spider_tarantella_strand, nicolae_spider_cling_halls
Spider:3: layout_spider_delve, ebering_ghost_xom
Spider:4: hellmonk_spider_rune_endless_swarm, uniq_mlioglotl
Orc:1:    layout_diamond_mine, uniq_fannar
Orc:2:    grunt_orc_tribal_feast, layout_caves, basic_altar
Elf:1:    minmay_elf_arrival_plus, layout_gridlike, serial_shops, shop,
          minmay_elf_sorcery, hangedman_elven_ridges, nrook_loot_triangle
Elf:2:    elven_hall_of_blades_hangedman_original
          [nicolae_blade_entry_diamond_columns], layout_loops_cross,
          basic_altar, uniq_donald
Elf:3:    nooodl_elf_gasket, layout_onion_city
Vaults:1: hangedman_vaults_nails, ontoclasm_vaults_decontamination, v_misc_31,
          grunt_vaults_funnel, vaults_room_corners,
          nicolae_vaults_yaktaur_gun_rack, v_misc_26, ontoclasm_vaults_gateway,
          layout_vaults_omnigrid
Vaults:2: ontoclasm_vaults_ring_small, v_misc_29, grunt_vaults_swirl,
          nicolae_vaults_what_the_h, v_misc_9, vaults_room_octagon, v_pattern_2,
          grunt_vaults_hallway_long, vaults_mumra_chevron_long, v_misc_14,
          nicolae_vaults_rhombus_7, ontoclasm_vaults_hangar, v_misc_8,
          vaults_room_grunt_arrival_checkpoint, grunt_vaults_bifocal,
          layout_vaults_omnibox
Vaults:3: hangedman_vaults_nodes, v_misc_13, v_alt_pattern_6,
          ontoclasm_vaults_fault, hangedman_vaults_corner,
          vaults_room_mumra_shop_pool, minmay_crypt_entry_simple_walls,
          v_misc_15, vaults_room_guarded_vault, vaults_mumra_hex,
          nicolae_vaults_mini_display_case, serial_ice_g,
          layout_vaults_omnicross, serial_shops, freezing_bzr
Vaults:4: v_misc_24, v_pattern_3, ontoclasm_vaults_chip, not_door_vault_due,
          vaults_standard_mumra_enter_the_diamond, ontoclasm_vaults_bender,
          nicolae_vaults_puzzle_piece, vaults_room_hallway,
          vaults_dpeg_encased_lava, vaults_room_semicircle, vaults_dpeg_hooks,
          layout_vaults_chaotic_city
Vaults:5: uniq_mara
Crypt:1:  gammafunk_dig_for_victory, layout_misc_corridors,
          lemuel_upstairs_altar, uniq_sojobo, uniq_mennas
Crypt:2:  layout_regular_city
Crypt:3:  church_of_pain_bobbens, layout_chaotic_city
Depths:1: layout_cave_pools, serial_bayou_pond_c, pf_coc_iceberg, abyss_entry,
          rand_demon_pan_entry_8, minmay_pinched_square
Depths:2: minmay_octo_star, layout_twisted_cross, ziggurat_fallback,
          minmay_misc_feat_square, hell_entry, rand_demon_pan_entry_7,
          minmay_staircase_windowed_large
Depths:3: minmay_dotted_concentric_squares, layout_cave_pools, grunt_hell_horde,
          abyss_entry_small_statue_room, infiniplex_staircase_squiggle
Depths:4: evilmike_zot_entry_diamond, layout_long_grid, abyss_entry,
          roderic_lattice_octagonal_star, hell_entry,
          nicolae_ashenzari_panopticon, uniq_vv
Zot:1:    layout_cathedral_of_symmetry, lemuel_baited_zot_trap, st_stairs_12,
          nicolae_diode_basic, uniq_grunn
Zot:2:    lemuel_draconian_sentries_small, layout_gridlike, grunt_ministairs_14,
          nicolae_transmutations_shop, st_stairs_13
Zot:3:    kennysheep_bubbly, layout_twisted_circle, st_stairs_7
Zot:4:    layout_cathedral_of_symmetry, uniq_josephina
Zot:5:    layout_twisted_circle

Notes
Turn   | Place    | Note
-------+----------+-------------------------------------------
     0 | D:1      | MackTheKnife the Spriggan Enchanter began the quest for the
                  | Orb.
     0 | D:1      | Reached XP level 1. HP: 9/9 MP: 5/5
     0 | D:1      | magus.rc [v1.9.6]
   171 | D:1      | Reached skill level 5 in Stealth
   224 | D:1      | Reached XP level 2. HP: 13/13 MP: 6/6
   227 | D:1      | Learned a level 2 spell: Ensorcelled Hibernation
   585 | D:1      | You pick up a book of Burglary and begin reading...
   585 | D:1      | You add the spells Passwall and Swiftness to your library.
   651 | D:1      | Reached skill level 6 in Stealth
  1263 | D:1      | Reached XP level 3. HP: 16/16 MP: 8/8
  1500 | D:2      | Learned a level 3 spell: Confusing Touch
  1681 | D:2      | Reached skill level 7 in Stealth
  1852 | D:2      | Reached XP level 4. HP: 21/21 MP: 9/9
  2208 | D:3      | You fall into a shaft and drop 3 floors!
  2230 | D:5      | Entered Level 5 of the Dungeon
  2481 | D:3      | Reached skill level 8 in Stealth
  2603 | D:3      | Found a burning altar of Makhleb.
  2813 | D:3      | Found a runed translucent gate.
  2813 | D:3      | Found a runed translucent gate.
  2814 | D:3      | Found a runed translucent gate.
  2859 | D:3      | Noticed an ogre
  2904 | D:3      | Noticed caveywoolpert's ghost (amateur DEEE)
  2904 | D:3      | Noticed ThereIsNoGod's ghost (amateur OpFi)
  3001 | D:3      | Killed an ogre
  3002 | D:3      | Reached skill level 9 in Stealth
  3002 | D:3      | Reached XP level 5. HP: 19/24 MP: 10/10
  3442 | D:4      | Reached skill level 10 in Stealth
  3442 | D:4      | Reached skill level 3 in Spellcasting
  3497 | D:4      | Reached skill level 4 in Hexes
  3497 | D:4      | Reached XP level 6. HP: 28/28 MP: 11/11
  4097 | D:5      | Found an ornate altar of the Wu Jian Council.
  4269 | D:5      | Reached skill level 4 in Spellcasting
  4273 | D:5      | Noticed an orc warrior
  4315 | D:5      | Reached skill level 5 in Hexes
  4325 | D:5      | Killed an orc warrior
  4326 | D:5      | Reached XP level 7. HP: 32/32 MP: 11/15
  4445 | D:5      | Reached skill level 5 in Spellcasting
  4635 | D:6      | Reached skill level 6 in Hexes
  4655 | D:6      | Found a staircase to the Ecumenical Temple.
  4701 | Temple   | Entered the Ecumenical Temple
  4937 | Temple   | Became a worshipper of Gozag Ym Sagoz the Greedy
  5021 | D:6      | You pick up a book of Changes and begin reading...
  5021 | D:6      | You add the spells Beastly Appendage, Wereblood and Spider
                  | Form to your library.
  5119 | D:6      | Reached skill level 3 in Dodging
  5131 | D:6      | Reached skill level 2 in Short Blades
  5131 | D:6      | Reached skill level 4 in Dodging
  5190 | D:6      | Found a stormy altar of Qazlal.
  5253 | D:6      | Reached skill level 3 in Short Blades
  5253 | D:6      | Reached XP level 8. HP: 33/36 MP: 7/17
  5374 | D:6      | Reached skill level 5 in Dodging
  5640 | D:6      | Reached skill level 4 in Short Blades
  6350 | D:7      | Reached skill level 6 in Dodging
  6410 | D:7      | Reached skill level 5 in Short Blades
  6651 | D:7      | Reached skill level 7 in Dodging
  6875 | D:7      | You pick up a book of Winter and begin reading...
  6875 | D:7      | You add the spells Ozocubu's Armour and Metabolic
                  | Englaciation to your library.
  7258 | D:8      | Reached skill level 6 in Short Blades
  7614 | D:8      | You pick up a book of Storms and begin reading...
  7614 | D:8      | You add the spells Airstrike, Summon Lightning Spire and
                  | Lightning Bolt to your library.
  7629 | D:8      | Reached skill level 8 in Dodging
  7629 | D:8      | Reached XP level 9. HP: 39/39 MP: 18/18
  7817 | D:8      | Found a staircase to the Lair.
  7821 | D:8      | Reached skill level 7 in Short Blades
  8053 | D:8      | Reached skill level 9 in Dodging
  8269 | D:9      | Found a hazy altar of Hepliaklqana.
  8334 | D:9      | Found a white marble altar of Elyvilon.
  8361 | D:9      | Reached skill level 8 in Short Blades
  8361 | D:9      | Reached skill level 10 in Dodging
  8430 | D:9      | Reached skill level 1 in Fighting
  8441 | D:9      | Reached skill level 2 in Fighting
  8565 | D:9      | You pick up a book of Blasting and begin reading...
  8565 | D:9      | You add the spells Kindle Blastsparks, Fulminant Prism,
                  | Iskenderun's Mystic Blast and Lee's Rapid Deconstruction to
                  | your library.
  8571 | D:9      | Learned a level 4 spell: Fulminant Prism
  8622 | D:9      | Reached skill level 3 in Fighting
  8922 | D:9      | Found an iron altar of Okawaru.
  8922 | D:9      | Found a radiant altar of Vehumet.
  8929 | D:9      | Found a faded altar of an unknown god.
  8931 | D:9      | Found a faded altar of an unknown god.
  8933 | D:9      | Found an ancient bone altar of Kikubaaqudgha.
  9044 | D:9      | Noticed a vault sentinel
  9044 | D:9      | Noticed a vault sentinel
  9048 | D:9      | Found the +18 shield of the Gong {rElec rN+ Will+ EV-5}
  9051 | D:9      | Killed a vault sentinel
  9052 | D:9      | Reached skill level 4 in Fighting
  9052 | D:9      | Reached XP level 10. HP: 49/49 MP: 19/19
  9065 | D:9      | Killed a vault sentinel
  9214 | D:10     | Entered Level 10 of the Dungeon
  9237 | D:9      | Reached skill level 5 in Fighting
  9343 | D:10     | You pick up a book of Decay and begin reading...
  9343 | D:10     | You add the spells Cigotuvi's Dreadful Rot, Dispel Undead
                  | and Death Channel to your library.
  9549 | D:11     | Reached skill level 6 in Fighting
  9676 | D:11     | You pick up a book of the Warp and begin reading...
  9676 | D:11     | You add the spells Manifold Assault, Dispersal and
                  | Disjunction to your library.
  9724 | D:11     | Noticed a two-headed ogre
  9726 | D:11     | Noticed a two-headed ogre
  9726 | D:11     | Noticed a boulder beetle
  9887 | D:11     | Reached skill level 1 in Conjurations
  9905 | D:11     | Reached skill level 7 in Hexes
 10082 | Lair:1   | Entered Level 1 of the Lair of Beasts
 10088 | Lair:1   | Reached skill level 2 in Conjurations
 10134 | Lair:1   | Noticed an elephant
 10136 | Lair:1   | Noticed an elephant
 10142 | Lair:1   | Noticed an elephant
 10149 | Lair:1   | Killed an elephant
 10153 | Lair:1   | Noticed an elephant
 10178 | Lair:1   | Killed an elephant
 10179 | Lair:1   | Reached skill level 8 in Hexes
 10189 | Lair:1   | Killed an elephant
 10190 | Lair:1   | Reached skill level 3 in Conjurations
 10318 | Lair:1   | Killed an elephant
 10505 | Lair:1   | Noticed an orange demon
 10518 | Lair:1   | Noticed Amaemon
 10567 | Lair:1   | Reached skill level 6 in Spellcasting
 10567 | Lair:1   | Reached skill level 9 in Hexes
 10570 | Lair:1   | Reached XP level 11. HP: 56/56 MP: 19/21
 10985 | Lair:1   | You pick up a book of Iron and begin reading...
 10985 | Lair:1   | You add the spells Animate Armour, Blade Hands and Iron
                  | Shot to your library.
 11378 | Lair:1   | Reached skill level 7 in Spellcasting
 11688 | Lair:2   | Reached skill level 10 in Hexes
 11947 | Lair:2   | Reached skill level 8 in Spellcasting
 12252 | Lair:2   | Found a hole to the Spider Nest.
 12267 | Lair:2   | Reached skill level 9 in Spellcasting
 12468 | Lair:2   | Reached skill level 10 in Spellcasting
 12870 | D:8      | Bought glowing steam dragon scales for 1161 gold pieces
 13049 | Lair:2   | Reached skill level 11 in Stealth
 13063 | Lair:2   | Reached skill level 11 in Dodging
 13158 | Lair:2   | Noticed Sonja
 13391 | Lair:2   | Reached skill level 12 in Stealth
 13393 | Lair:2   | HP: 7/56 [dream sheep (27)]
 13621 | Lair:2   | Found a staircase to the Shoals.
 13665 | Lair:3   | Found a transporter.
 13666 | Lair:3   | Found a transporter.
 13667 | Lair:3   | Noticed a boulder beetle
 13831 | Lair:3   | Reached XP level 12. HP: 61/61 MP: 27/27
 13847 | Lair:3   | Noticed a boulder beetle
 13848 | Lair:3   | You pick up a book of Weapons and begin reading...
 13854 | Lair:3   | Killed a boulder beetle
 13855 | Lair:3   | Reached skill level 12 in Dodging
 14040 | Lair:3   | Reached skill level 13 in Stealth
 14343 | Lair:3   | Identified the +1 chain mail of Recklessness {Rampage *Slow
                  | Int+7}
 14767 | Lair:4   | Reached skill level 13 in Dodging
 14767 | Lair:4   | Reached skill level 14 in Stealth
 14864 | Lair:4   | Found a viscous altar of Jiyva.
 14865 | Lair:4   | Found a staircase to the Slime Pits.
 14866 | Lair:4   | Noticed a catoblepas
 14898 | Lair:4   | Killed a catoblepas
 15211 | Lair:4   | Reached skill level 14 in Dodging
 15865 | Lair:5   | Entered Level 5 of the Lair of Beasts
 15895 | Lair:4   | Reached skill level 15 in Dodging
 16301 | Lair:5   | Reached skill level 16 in Dodging
 16384 | Lair:5   | You pick up a book of Burglary and begin reading...
 16478 | Lair:5   | Reached XP level 13. HP: 62/66 MP: 10/28
 16565 | Lair:5   | Reached skill level 7 in Fighting
 16835 | Lair:5   | Reached skill level 8 in Fighting
 17083 | Lair:5   | You add the spells Blink, Cause Fear and Leda's
                  | Liquefaction to your library.
 17083 | Lair:5   | Got the Book of Liminal Spellbinding
 17310 | Lair:5   | magus.rc [v1.9.6]
 17349 | Lair:5   | Reached skill level 9 in Fighting
 17618 | Lair:5   | Found a runed translucent door.
 17618 | Lair:5   | Noticed a fire dragon
 17670 | Lair:5   | Killed a fire dragon
 17787 | Lair:5   | Bought a masterwork scimitar for 243 gold pieces
 17787 | Lair:5   | Identified the +4 scimitar of Prudence {freeze, Str+5} (You
                  | bought it in a shop on level 5 of the Lair of Beasts)
 18005 | Lair:5   | Noticed a fire dragon
 18484 | Lair:5   | magus.rc [v1.9.6]
 18606 | Lair:2   | Killed Sonja
 18659 | D:8      | magus.rc [v1.9.6]
 18718 | D:10     | magus.rc [v1.9.6]
 18737 | D:10     | Reached skill level 10 in Fighting
 18867 | D:10     | Identified a scroll of acquirement
 18868 | D:10     | Acquired the +10 rapier "Giantbane" {speed, Fly rC+ MP-9}
 19210 | D:11     | Reached skill level 11 in Spellcasting
 19404 | D:11     | Noticed a fire giant
 19589 | D:11     | Found a staircase to the Orcish Mines.
 19592 | D:11     | magus.rc [v1.9.6]
 19598 | D:11     | Reached skill level 12 in Spellcasting
 19602 | Orc:1    | Entered Level 1 of the Orcish Mines
 19782 | D:11     | magus.rc [v1.9.6]
 19901 | Orc:1    | Noticed Fannar
 19918 | Orc:1    | Killed Fannar
 19919 | Orc:1    | Reached XP level 14. HP: 72/77 MP: 19/31
 20228 | Orc:1    | Learned a level 4 spell: Leda's Liquefaction
 20352 | Orc:2    | Entered Level 2 of the Orcish Mines
 20359 | Orc:2    | Found a staircase to the Elven Halls.
 20565 | Orc:2    | Reached skill level 1 in Earth Magic
 20769 | Orc:2    | Reached skill level 2 in Earth Magic
 21117 | Orc:2    | Reached skill level 3 in Earth Magic
 21664 | Orc:2    | Reached skill level 4 in Earth Magic
 21975 | Orc:2    | Reached skill level 5 in Earth Magic
 22100 | Orc:2    | Found Meegath's Weapon Shoppe.
 22100 | Orc:2    | Found Ybleis's Magic Scroll Boutique.
 22106 | Orc:2    | Found Lihusapn's General Store.
 22106 | Orc:2    | Found Waig's Distillery.
 22175 | Orc:2    | Bought a potion of heal wounds for 85 gold pieces
 22175 | Orc:2    | Bought a potion of haste for 170 gold pieces
 22177 | Orc:2    | Bought a scroll of identify for 36 gold pieces
 22178 | Orc:2    | Bought a scroll of identify for 36 gold pieces
 22181 | Orc:2    | Bought an onyx ring for 125 gold pieces
 22403 | D:11     | Reached skill level 6 in Earth Magic
 23151 | D:12     | Noticed Josephine
 23176 | D:12     | Killed Josephine
 23177 | D:12     | Reached skill level 7 in Earth Magic
 23348 | D:12     | magus.rc [v1.9.6]
 23418 | D:12     | Identified the +11 war axe of the Vaults {speed, rPois}
 24021 | D:12     | You pick up a book of Scorching and begin reading...
 24021 | D:12     | You add the spells Scorch, Flame Wave and Summon Cactus
                  | Giant to your library.
 24032 | D:12     | Reached skill level 8 in Earth Magic
 24046 | D:12     | magus.rc [v1.9.6]
 24346 | D:12     | Reached skill level 9 in Earth Magic
 24476 | D:12     | Identified the +4 short sword of Law {pain, rC+}
 24906 | D:13     | Noticed Azrael
 25186 | D:13     | Reached skill level 10 in Earth Magic
 25349 | D:13     | Reached skill level 4 in Conjurations
 25534 | D:13     | Noticed an iron dragon
 25558 | D:13     | Reached XP level 15. HP: 80/80 MP: 23/32
 26062 | D:13     | Bought a scroll labelled ICIONUIMUCW for 29 gold pieces
 26065 | D:14     | Found a gate to the Vaults.
 26290 | D:13     | Reached skill level 5 in Conjurations
 26592 | D:14     | Noticed Agnes
 26839 | D:14     | Reached skill level 6 in Conjurations
 27283 | D:14     | Learned a level 5 spell: Lee's Rapid Deconstruction
 27499 | D:15     | Entered Level 15 of the Dungeon
 27769 | D:14     | You pick up a book of Necromancy and begin reading...
 27769 | D:14     | You add the spells Necrotise, Vampiric Draining and Agony
                  | to your library.
 28682 | D:15     | You pick up a book of Spectacle and begin reading...
 28762 | D:15     | Reached skill level 7 in Conjurations
 29273 | D:15     | Found a staircase to the Depths.
 29273 | D:15     | Noticed a frost giant
 29289 | D:15     | Killed a frost giant
 29292 | D:15     | Identified the +10 long sword "Jilutoif" {drain, Int+5}
 30038 | Spider:1 | Entered Level 1 of the Spider Nest
 30530 | Spider:1 | Reached skill level 8 in Conjurations
 30575 | Spider:1 | Learned a level 6 spell: Iron Shot
 30606 | Spider:1 | Reached skill level 13 in Spellcasting
 31518 | Spider:1 | You pick up a book of Debilitation and begin reading...
 31889 | Spider:2 | You add the spells Gell's Gravitas and Teleport Other to
                  | your library.
 32663 | Spider:2 | Reached skill level 14 in Spellcasting
 32875 | Spider:2 | Reached skill level 11 in Earth Magic
 33367 | Spider:2 | Reached XP level 16. HP: 85/85 MP: 26/35
 34115 | Spider:2 | Bought a scroll of blinking for 135 gold pieces
 34115 | Spider:2 | Bought a scroll of blinking for 135 gold pieces
 34218 | Shoals:1 | Entered Level 1 of the Shoals
 34316 | Spider:2 | Upgraded the game from 0.30-a0-618-gd6c86c23d0 to
                  | 0.30-a0-622-gddc90eaa04
 34316 | Spider:2 | magus.rc [v1.9.6]
 34316 | Spider:2 | magus.rc [v1.9.6]
 34487 | Spider:3 | Reached skill level 15 in Spellcasting
 34803 | Spider:3 | Found a runed translucent door.
 34803 | Spider:3 | Found a shimmering altar of Xom.
 34803 | Spider:3 | Noticed bmj180's ghost (adept GrEE)
 36036 | Spider:3 | Reached skill level 9 in Conjurations
 36231 | Spider:4 | Entered Level 4 of the Spider Nest
 36248 | Spider:4 | Noticed Mlioglotl
 36286 | Spider:3 | Learned a level 2 spell: Blink
 36290 | Spider:3 | Learned a level 3 spell: Dazzling Flash
 36339 | Spider:4 | Reached skill level 16 in Spellcasting
 37544 | Shoals:1 | You pick up a book of Blasting and begin reading...
 38066 | Shoals:1 | Noticed Aizul
 38070 | Shoals:1 | Found Vag Suad's Assorted Antiques.
 38082 | Shoals:1 | Killed Aizul
 38083 | Shoals:1 | Reached skill level 17 in Spellcasting
 38328 | Shoals:1 | Reached skill level 10 in Conjurations
 39228 | Shoals:2 | Found Doidicsu's Armour Boutique.
 39375 | Shoals:2 | Found Hyly's Weapon Shop.
 39402 | Shoals:2 | Reached XP level 17. HP: 89/89 MP: 30/39
 39471 | Shoals:2 | Found Inoulen's Jewellery Shop.
 39484 | Shoals:2 | Reached skill level 17 in Dodging
 39488 | Shoals:2 | Bought the ring "Zofude" {Fly Int+7} for 588 gold pieces
 39495 | Shoals:2 | Learned a level 2 spell: Passwall
 39932 | D:3      | Killed caveywoolpert's ghost
 39936 | D:3      | Killed ThereIsNoGod's ghost
 40168 | Shoals:1 | Bought a shiny opal ring for 210 gold pieces
 40609 | Shoals:3 | HP: 16/89 [water nymph/the raging water (9)]
 40880 | Shoals:3 | Found a runed translucent door.
 40881 | Shoals:3 | Noticed ThereIsNoGod's ghost (adept OpFi)
 41339 | Shoals:3 | Reached skill level 18 in Dodging
 41677 | Shoals:4 | Entered Level 4 of the Shoals
 42273 | Shoals:4 | Got a barnacled rune of Zot
 42498 | Shoals:4 | Reached skill level 9 in Short Blades
 42881 | Shoals:4 | Noticed a kraken
 43439 | Spider:4 | Reached skill level 10 in Short Blades
 44207 | Spider:4 | Got a gossamer rune of Zot
 44302 | Spider:4 | Reached skill level 11 in Short Blades
 44654 | Vaults:1 | Entered Level 1 of the Vaults
 45033 | Vaults:1 | Reached skill level 12 in Short Blades
 45189 | Vaults:1 | You pick up a book of Displacement and begin reading...
 45570 | Vaults:1 | Reached skill level 11 in Fighting
 45657 | Vaults:1 | Reached XP level 18. HP: 87/96 MP: 9/40
 46654 | Vaults:1 | Reached skill level 12 in Fighting
 46693 | Vaults:1 | Reached skill level 19 in Dodging
 47514 | Vaults:2 | Reached skill level 20 in Dodging
 47653 | Vaults:2 | Reached skill level 15 in Stealth
 48125 | Vaults:2 | Reached skill level 16 in Stealth
 48556 | Vaults:2 | Reached skill level 17 in Stealth
 49467 | Vaults:2 | Reached skill level 18 in Stealth
 49933 | Vaults:2 | Reached skill level 19 in Stealth
 50074 | Vaults:3 | Found Boob's Book Shoppe.
 50254 | Vaults:3 | Reached skill level 20 in Stealth
 50273 | Vaults:3 | Found a flickering gateway to a bazaar.
 50282 | Bazaar   | Entered a bazaar
 50282 | Bazaar   | Found Juannimo's Book Boutique.
 50282 | Bazaar   | Found Daigre's General Store.
 50397 | Bazaar   | Found Hegusini's Antique Weapon Emporium.
 50420 | Bazaar   | Found Tooplouh's Magic Scroll Shop.
 50431 | Bazaar   | Found Erewupp's Antique Armour Emporium.
 50439 | Bazaar   | Bought a shadowed robe for 171 gold pieces
 50439 | Bazaar   | Identified the +0 robe of Narcissism {rF+} (You bought it
                  | in a shop in a bazaar)
 50460 | Vaults:3 | Bought a manual of Armour for 880 gold pieces
 50561 | Vaults:3 | Identified a potion of experience
 50581 | Vaults:3 | Reached skill level 1 in Armour
 50581 | Vaults:3 | Reached XP level 19. HP: 93/102 MP: 27/41
 50581 | Vaults:3 | Reached skill level 5 in Armour
 50581 | Vaults:3 | Reached XP level 20. HP: 97/107 MP: 27/42
 50605 | Vaults:3 | Reached skill level 6 in Armour
 51011 | Vaults:3 | Reached skill level 7 in Armour
 51240 | Vaults:3 | Reached skill level 8 in Armour
 51516 | Vaults:3 | Reached skill level 9 in Armour
 51746 | Vaults:3 | Found a staircase to the Crypt.
 52016 | Vaults:3 | Reached skill level 10 in Armour
 52339 | Vaults:3 | Reached skill level 11 in Armour
 52504 | Vaults:3 | You pick up a book of Alchemy and begin reading...
 52504 | Vaults:3 | You add the spells Sublimation of Blood, Petrify and
                  | Irradiate to your library.
 52511 | Vaults:3 | Learned a level 5 spell: Irradiate
 52600 | Vaults:3 | Reached skill level 1 in Transmutations
 52633 | Vaults:3 | Reached skill level 2 in Transmutations
 52964 | Vaults:3 | You pick up a book of Minor Magic and begin reading...
 52964 | Vaults:3 | You add the spells Magic Dart, Call Imp and Mephitic Cloud
                  | to your library.
 52986 | Vaults:3 | Gained mutation: You are strong-willed. (Will+) [potion of
                  | mutation]
 52986 | Vaults:3 | Gained mutation: You passively dampen the noise of your
                  | surroundings. [potion of mutation]
 52986 | Vaults:3 | Gained mutation: You possess an exceptional clarity of
                  | mind. [potion of mutation]
 53154 | Vaults:4 | Reached skill level 3 in Transmutations
 53207 | Vaults:4 | Reached skill level 4 in Transmutations
 53372 | Vaults:4 | Reached skill level 5 in Transmutations
 53432 | Vaults:4 | Reached skill level 6 in Transmutations
 53662 | Vaults:4 | You pick up a book of Rime and begin reading...
 53662 | Vaults:4 | You add the spells Frozen Ramparts, Ice Form and Summon Ice
                  | Beast to your library.
 53898 | Vaults:4 | Reached skill level 7 in Transmutations
 54138 | Vaults:4 | Reached skill level 8 in Transmutations
 54599 | Vaults:4 | Found a huge runed gate.
 54599 | Vaults:4 | Found a huge runed gate.
 54599 | Vaults:4 | Found a huge runed gate.
 54599 | Vaults:4 | Found a huge runed gate.
 54599 | Vaults:4 | Found a huge runed gate.
 54599 | Vaults:4 | Found a huge runed gate.
 54599 | Vaults:4 | Found a huge runed gate.
 54600 | Vaults:4 | Found a huge runed gate.
 54600 | Vaults:4 | Found a huge runed gate.
 54600 | Vaults:4 | Found a huge runed gate.
 54606 | Vaults:4 | Found a huge runed gate.
 54606 | Vaults:4 | Found a huge runed gate.
 54606 | Vaults:4 | Found a huge runed gate.
 54606 | Vaults:4 | Found a huge runed gate.
 54606 | Vaults:4 | Found a huge runed gate.
 54606 | Vaults:4 | Found a huge runed gate.
 54607 | Vaults:4 | Found a huge runed gate.
 54608 | Vaults:4 | Found a huge runed gate.
 54609 | Vaults:4 | Found a huge runed gate.
 54617 | Vaults:4 | Found a huge runed gate.
 54617 | Vaults:4 | Found a huge runed gate.
 54617 | Vaults:4 | Found a huge runed gate.
 54617 | Vaults:4 | Found a huge runed gate.
 54617 | Vaults:4 | Found a huge runed gate.
 54617 | Vaults:4 | Found a huge runed gate.
 54618 | Vaults:4 | Found a huge runed gate.
 54619 | Vaults:4 | Found a huge runed gate.
 54620 | Vaults:4 | Found a huge runed gate.
 54641 | Vaults:4 | Reached skill level 9 in Transmutations
 54918 | Vaults:4 | Found a huge runed gate.
 54918 | Vaults:4 | Found a huge runed gate.
 54918 | Vaults:4 | Found a huge runed gate.
 54918 | Vaults:4 | Found a huge runed gate.
 54918 | Vaults:4 | Found a huge runed gate.
 54918 | Vaults:4 | Found a huge runed gate.
 54918 | Vaults:4 | Found a huge runed gate.
 54919 | Vaults:4 | Found a huge runed gate.
 55075 | Depths:1 | Entered Level 1 of the Depths
 55415 | D:14     | Reached skill level 10 in Transmutations
 55644 | D:14     | Killed Agnes
 56122 | Elf:1    | Entered Level 1 of the Elven Halls
 56930 | Elf:1    | Found Ceecu's Antique Armour Emporium.
 56935 | Elf:1    | Bought a runed cloak for 262 gold pieces
 57000 | Elf:1    | Reached skill level 13 in Fighting
 57133 | Elf:1    | Reached XP level 21. HP: 106/113 MP: 22/43
 57326 | Elf:1    | You add the spells Static Discharge, Stone Arrow and Haunt
                  | to your library.
 57326 | Elf:1    | Got the Grimoire of Phantasmal Power
 58347 | Elf:1    | Reached skill level 14 in Fighting
 58350 | Elf:1    | Reached skill level 1 in Evocations
 58382 | Elf:1    | Reached skill level 2 in Evocations
 58598 | Elf:2    | Reached skill level 3 in Evocations
 58745 | Elf:2    | Reached skill level 4 in Evocations
 58928 | Elf:2    | You pick up a book of Blasting and begin reading...
 58959 | Elf:2    | Reached skill level 5 in Evocations
 58959 | Elf:2    | Noticed Donald
 59109 | Elf:2    | Killed Donald
 59192 | Elf:2    | Reached skill level 6 in Evocations
 59195 | Elf:2    | Found a runed translucent gate.
 59266 | Elf:2    | Found a runed translucent gate.
 59266 | Elf:2    | Found a runed translucent gate.
 59434 | Elf:2    | Reached skill level 7 in Evocations
 59624 | Elf:2    | Reached skill level 8 in Evocations
 60245 | Elf:2    | Found a shimmering blue altar of Sif Muna.
 60377 | Elf:3    | Entered Level 3 of the Elven Halls
 60885 | Elf:3    | Reached skill level 13 in Short Blades
 61194 | Elf:3    | Learned a level 6 spell: Death Channel
 61755 | Elf:3    | Reached skill level 14 in Short Blades
 61866 | Elf:3    | Reached skill level 1 in Necromancy
 61956 | Elf:3    | Reached skill level 2 in Necromancy
 62499 | Elf:3    | Reached skill level 3 in Necromancy
 62831 | Elf:3    | Reached skill level 4 in Necromancy
 62970 | Elf:3    | Identified the +5 scale mail of Halatzui {Int+4}
 63359 | Elf:3    | Reached skill level 5 in Necromancy
 63833 | Elf:3    | Gained mutation: Armour fits poorly on your strangely
                  | shaped body. [a neqoxec]
 63838 | Elf:3    | Reached skill level 6 in Necromancy
 64490 | Elf:3    | Reached skill level 7 in Necromancy
 64490 | Elf:3    | Reached XP level 22. HP: 109/120 MP: 9/44
 64640 | Elf:3    | You pick up a book of Spectacle and begin reading...
 64674 | Elf:3    | You pick up a book of Debilitation and begin reading...
 64745 | Elf:3    | You add the spells Summon Small Mammal and Shatter to your
                  | library.
 64745 | Elf:3    | Got Ceid's Directory of Pantheism
 64747 | Elf:3    | You pick up a book of Chaos and begin reading...
 64747 | Elf:3    | You add the spells Conjure Ball Lightning and Discord to
                  | your library.
 64749 | Elf:3    | Identified the +9 arbalest of the Absolute Madman {freeze,
                  | rElec rF- MP+9 Stlth-}
 64753 | Elf:3    | You pick up a book of Hexes and begin reading...
 64755 | Elf:3    | You pick up a book of Blasting and begin reading...
 65083 | D:14     | Bought the ring of Manguvah {rF+ rC+ rN++ Int+4 Slay-6} for
                  | 686 gold pieces
 65083 | D:14     | Bought the amulet of Deum {RegenMP rF+} for 924 gold pieces
 65240 | Depths:1 | Reached skill level 8 in Necromancy
 65623 | Depths:1 | You are sucked into a shaft and drop 1 floor!
 65917 | Depths:2 | Reached skill level 15 in Fighting
 66984 | Depths:1 | Found a one-way gate leading to the halls of Pandemonium.
 67195 | Depths:1 | Identified the +4 arbalest "Ecwuicey" {antimagic, rElec
                  | Str+4}
 67380 | Depths:1 | Reached skill level 16 in Fighting
 67450 | Depths:1 | Identified the +4 lajatang "Zonn" {elec, rF+ rC+ Int-2}
 67755 | Depths:1 | Found a one-way gate to the infinite horrors of the Abyss.
 67807 | Depths:1 | Got Asmodeus's Verses on Creation
 68180 | Depths:1 | Found a gateway to Hell.
 68337 | Depths:2 | Noticed a golden dragon
 68499 | Depths:2 | Killed a golden dragon
 68500 | Depths:2 | Reached skill level 17 in Fighting
 68581 | Depths:2 | Noticed a golden dragon
 69418 | Depths:2 | Found a one-way gateway to a ziggurat.
 69418 | Depths:2 | Noticed a golden dragon
 69429 | Depths:2 | Noticed a shard shrike
 69658 | Depths:2 | Killed a golden dragon
 70692 | Depths:3 | Reached skill level 21 in Dodging
 70697 | Depths:3 | Noticed a caustic shrike
 70989 | Depths:3 | Reached skill level 1 in Shields
 71025 | Depths:3 | Killed a caustic shrike
 71026 | Depths:3 | Reached skill level 2 in Shields
 71456 | Depths:3 | Noticed a juggernaut
 71711 | Depths:3 | Noticed a juggernaut
 71846 | Depths:3 | Reached skill level 3 in Shields
 72021 | Depths:3 | Noticed a golden dragon
 72262 | Depths:4 | Entered Level 4 of the Depths
 72398 | Depths:4 | Reached skill level 4 in Shields
 72670 | Depths:4 | Noticed a golden dragon
 72694 | Depths:3 | HP: 25/127 [living spell/divine providence[a walking divine
                  | tome] (12)]
 73022 | Depths:4 | Found a broken altar of Ashenzari.
 73163 | Depths:4 | Noticed Vv
 73256 | Depths:4 | Reached skill level 5 in Shields
 73268 | Depths:4 | Found a gate to the Realm of Zot.
 73471 | Depths:3 | Reached XP level 23. HP: 43/131 MP: 19/45
 74692 | Vaults:5 | Entered Level 5 of the Vaults
 74825 | Vaults:5 | Reached skill level 18 in Spellcasting
 74877 | Vaults:5 | Identified the +7 battleaxe "Yshraynitze" {flame, Dex+2}
 74947 | Vaults:5 | magus.rc [v1.9.6]
 74953 | Vaults:5 | Learned a level 4 spell: Summon Lightning Spire
 75067 | Vaults:5 | Reached skill level 1 in Summonings
 75110 | Vaults:5 | Reached skill level 2 in Summonings
 75274 | Vaults:5 | Got Gielur's Treatise on the Shadowy Wendigo
 75326 | Vaults:5 | Reached skill level 3 in Summonings
 75427 | Vaults:5 | Noticed Mara
 75476 | Vaults:5 | You add the spells Eringya's Noxious Bog and Storm Form to
                  | your library.
 75476 | Vaults:5 | Got Sif Muna's Essays on Doomed Transmutation
 75499 | Vaults:5 | Reached skill level 4 in Summonings
 75649 | Vaults:5 | Reached skill level 5 in Summonings
 75811 | Vaults:5 | Identified the +2 chain mail "Wyzunk" {Will+}
 75939 | Vaults:5 | You pick up a book of Decay and begin reading...
 75977 | Vaults:5 | Reached skill level 6 in Summonings
 75982 | Vaults:5 | Noticed an ancient lich
 75994 | Vaults:5 | Identified the ring of Leec {rC+ rN++ Str-4 Dex+4 SInv}
 76144 | Vaults:5 | You pick up a book of Transfigurations {@e2} and begin
                  | reading...
 76153 | Vaults:5 | You pick up a book of the Earth and begin reading...
 76304 | Vaults:5 | Reached skill level 7 in Summonings
 76358 | Vaults:5 | Got a silver rune of Zot
 76810 | Vaults:5 | Identified the +1 leather armour of Parlour Games {Str+4}
 76919 | Vaults:5 | Reached skill level 8 in Summonings
 77074 | Vaults:5 | Found Diosoqy's Jewellery Boutique.
 77220 | Vaults:5 | Learned a level 6 spell: Summon Cactus Giant
 77238 | Vaults:5 | Reached skill level 9 in Summonings
 77327 | Vaults:5 | Noticed a dread lich
 77366 | Vaults:5 | You pick up a book of the Wilderness and begin reading...
 77366 | Vaults:5 | You add the spells Summon Forest and Summon Mana Viper to
                  | your library.
 77552 | Crypt:1  | Entered Level 1 of the Crypt
 77557 | Crypt:1  | Found a transporter.
 77709 | Crypt:1  | Noticed a curse skull
 77714 | Crypt:1  | Killed a curse skull
 77943 | Crypt:1  | Reached skill level 10 in Summonings
 78043 | Crypt:1  | Noticed a curse skull
 78048 | Crypt:1  | Noticed Sojobo
 78160 | Crypt:1  | Noticed Mennas
 78181 | Crypt:1  | Found a transporter.
 78338 | Crypt:1  | Noticed a curse skull
 78340 | Crypt:1  | Killed a curse skull
 78490 | Crypt:1  | Reached skill level 9 in Necromancy
 78493 | Crypt:1  | Gained mutation: You are partially covered in iridescent
                  | scales. (AC +2) [a cacodemon]
 78517 | Crypt:1  | Noticed an ancient lich
 79005 | Crypt:2  | Reached XP level 24. HP: 136/136 MP: 36/46
 79129 | Crypt:2  | Reached skill level 10 in Necromancy
 80199 | Crypt:1  | Identified the ring "Sanoh" {+Blink Will- rCorr EV+5}
 80207 | Crypt:1  | You pick up a book of Touch and begin reading...
 80215 | Crypt:1  | Identified the ring "Ririok" {Wiz Slay+6}
 80224 | Crypt:1  | You add the spells Olgreb's Toxic Radiance, Ozocubu's
                  | Refrigeration and Ignition to your library.
 80230 | Crypt:1  | You pick up a book of Spectacle and begin reading...
 80253 | Crypt:1  | Learned a level 7 spell: Haunt
 80281 | Crypt:3  | Entered Level 3 of the Crypt
 80482 | Crypt:3  | Noticed a curse skull
 80655 | Crypt:3  | Reached skill level 11 in Necromancy
 80736 | Crypt:3  | You pick up a book of Misfortune and begin reading...
 80736 | Crypt:3  | You add the spells Yara's Violent Unravelling and Enfeeble
                  | to your library.
 80752 | Crypt:3  | Learned a level 5 spell: Yara's Violent Unravelling
 80761 | Crypt:3  | Learned a level 7 spell: Enfeeble
 81492 | Crypt:3  | Found a staircase to the Tomb.
 81687 | Crypt:3  | Noticed a curse skull
 81690 | Crypt:3  | Killed a curse skull
 81905 | Crypt:3  | Killed a curse skull
 81972 | Crypt:3  | Reached skill level 11 in Hexes
 82153 | Crypt:3  | Found an ancient bone altar of Kikubaaqudgha.
 82272 | Crypt:3  | Reached skill level 11 in Summonings
 82462 | Crypt:3  | Reached skill level 12 in Hexes
 82534 | Crypt:3  | Identified the ring "Risoem" {rPois rC+ EV+5}
 82965 | Crypt:3  | Noticed an ancient lich
 82976 | Crypt:3  | Killed an ancient lich
 82977 | Crypt:3  | Reached skill level 13 in Hexes
 83027 | Crypt:3  | You add the spells Necromutation and Death's Door to your
                  | library.
 83048 | Crypt:3  | Identified the +0 leather armour of the Thunderstorm {Harm
                  | Will+}
 83464 | Zot:1    | Entered Level 1 of the Realm of Zot
 83627 | Zot:1    | Reached skill level 12 in Summonings
 84106 | Zot:1    | Noticed Grunn
 85029 | Zot:2    | You pick up a book of Beasts and begin reading...
 85119 | Zot:3    | Got the Omnibus of Configuration and Ice {@e2}
 85366 | Zot:3    | You are sucked into a shaft and drop 1 floor!
 85611 | Zot:3    | Reached XP level 25. HP: 134/141 MP: 26/46
 86018 | Zot:3    | Reached skill level 22 in Dodging
 86322 | Zot:3    | Reached skill level 6 in Shields
 86754 | Zot:3    | Reached skill level 7 in Shields
 87185 | Zot:4    | Identified the +8 long sword of Perfectionism {speed, *Slow
                  | Str+2 Int+3}
 87524 | Zot:4    | Reached skill level 8 in Shields
 87772 | Zot:4    | Reached skill level 9 in Shields
 88084 | Zot:4    | Identified the +6 battleaxe of Acso {flame, SInv}
 88460 | Zot:5    | Entered Level 5 of the Realm of Zot
 88618 | Zot:5    | Reached skill level 10 in Shields
 88960 | Zot:5    | magus.rc [v1.9.6]
 89184 | Zot:5    | Reached skill level 11 in Shields
 89193 | Zot:5    | Noticed a Killer Klown
 89342 | Zot:5    | Noticed an orb of fire
 89348 | Zot:5    | Noticed an electric golem
 89372 | Zot:5    | Noticed an ancient lich
 89381 | Zot:5    | Noticed a dread lich
 89383 | Zot:5    | Noticed an orb of fire
 89392 | Zot:5    | Noticed a curse toe
 89398 | Zot:5    | Killed an orb of fire
 89408 | Zot:5    | Reached skill level 23 in Dodging
 89410 | Zot:5    | Killed an electric golem
 89411 | Zot:5    | Killed an ancient lich
 89552 | Zot:5    | Noticed an electric golem
 89571 | Zot:5    | Killed an electric golem
 89715 | Zot:5    | You pick up a book of Geomancy and begin reading...
 89874 | Zot:5    | Noticed a Killer Klown
 89883 | Zot:5    | Killed a Killer Klown
 89891 | Zot:5    | Got the Orb of Zot
 89910 | Zot:5    | Killed a Killer Klown
 89927 | Zot:5    | Noticed a dread lich
 90148 | Depths:2 | Noticed a seraph
 90486 | D:$      | Escaped with the Orb!

Vanquished Creatures
  4 golden dragons
  A caustic shrike (Depths:3)
  A profane servitor (D:15)
  2 bone dragons (Crypt:3)
  2 electric golems (Zot:5)
  2 liches
  10 tentacled monstrosities
  5 Orb Guardians (Zot:5)
  5 quicksilver dragons
  4 deep elf master archers (Elf:3)
  4 deep elf blademasters (Elf:3)
  7 ancient champions
  4 sphinxes
  7 death cobs
  5 tengu reavers
  Agnes (D:14)
  9 storm dragons
  Donald (Elf:2)
  3 revenants
  7 shadow dragons
  2 draconian monks
  8 fire giants
  A draconian knight (Zot:1)
  13 deep elf sorcerers
  4 ghost moths
  An emperor scorpion (Spider:4)
  A fire giant (shapeshifter) (Vaults:5)
  2 iron dragons
  12 vault wardens
  10 frost giants
  3 draconian scorchers
  6 ghouls
  6 deep elf elementalists
  Aizul (Shoals:1)
  2 draconian annihilators (Zot:4)
  4 draconian shifters
  4 curse skulls
  5 draconian stormcallers
  A quicksilver ooze (shapeshifter) (Vaults:5)
  8 ironbound thunderhulks
  4 broodmothers
  17 ironbound preservers
  A war gargoyle (Vaults:5)
  2 cacodemons (Crypt:1)
  3 reapers
  2 green draconians (Zot:1)
  18 stone giants
  14 very ugly things
  A juggernaut skeleton (Crypt:3)
  8 vampire knights
  5 black draconians
  6 white draconians
  9 deep elf demonologists
  5 yellow draconians
  14 deep elf annihilators
  8 red draconians
  19 dire elephants
  7 purple draconians
  5 spark wasps
  14 ettins
  7 deep elf death magi
  3 eidola
  5 merfolk impalers
  8 jiangshi
  6 merfolk javelineers
  7 great orbs of eyes
  3 entropy weavers
  12 fire dragons
  3 deep elf high priests
  A quicksilver dragon zombie (Depths:2)
  Josephine (D:12)
  13 yaktaur captains
  2 hydras
  32 vault guards
  4 ogre magi
  A quicksilver dragon skeleton (Crypt:3)
  Fannar (Orc:1)
  A spriggan air mage (Depths:2)
  A spriggan skeleton (Crypt:3)
  14 ironbound frosthearts
  3 jorogumos
  7 ice dragons
  A catoblepas (Lair:4)
  A radroach (shapeshifter) (Depths:3)
  A radroach (Spider:3)
  4 merfolk avatars
  12 centaur warriors
  17 dancing weapons
  2 death knights
  11 boulder beetles
  6 tengu warriors
  A merfolk aquamancer (Shoals:4)
  A fenstrider witch skeleton (Crypt:3)
  2 alligator snapping turtles
  7 deep troll earth magi
  6 two-headed ogres
  2 Orb Guardian skeletons (Crypt:1)
  A death scarab (Spider:3)
  3 vampire magi
  A quicksilver ooze zombie (Crypt:2)
  6 death yaks (Lair:5)
  2 deep troll shamans
  5 spriggan berserkers
  20 deep elf knights
  6 iron trolls
  4 orc high priests (Orc:2)
  5 spriggans
  A titan skeleton (Crypt:3)
  A soul eater (D:15)
  Sonja (Lair:2)
  58 skeletal warriors
  A sixfirhy (D:15)
  3 pharaoh ants
  A storm dragon skeleton (Crypt:3)
  A glowing orange brain (shapeshifter) (Depths:2)
  An iron giant zombie (Crypt:3)
  10 sea snakes
  49 deep trolls
  3 shadow wraiths
  12 wizards
  2 sun moths
  2 glowing orange brains
  A bog body (Crypt:2)
  A swamp dragon (Lair:5)
  An anaconda zombie (Crypt:3)
  11 orb spiders
  17 deep elf archers
  6 steelbarb worms
  12 ironbound convokers
  7 flayed ghosts
  2 golden dragon skeletons
  13 lindwurms
  40 deep elf zephyrmancers
  A mana viper (shapeshifter) (Vaults:5)
  A bunyip skeleton (Crypt:3)
  28 deep elf pyromancers
  2 sphinx zombies
  9 necromancers
  47 ugly things
  19 harpies
  9 phantasmal warriors
  7 orc knights
  13 fauns (Shoals:1)
  4 orc sorcerers
  A frost giant zombie (Depths:2)
  24 wolf spiders
  A fire giant zombie (Vaults:2)
  A human zombie (Crypt:1)
  6 cyclopes
  8 manticores
  A stone giant skeleton (Crypt:2)
  A salamander (shapeshifter) (D:12)
  2 cyclopes (shapeshifter)
  8 black mambas
  10 merfolk sirens
  7 elephants
  23 moths of wrath
  3 demonic crawlers
  2 water nymphs (Shoals:3)
  A smoke demon (Depths:1)
  16 vault sentinels
  A black mamba (shapeshifter) (D:15)
  5 rime drakes
  5 gargoyles
  8 torpor snails
  13 cane toads
  An efreet (D:13)
  2 centaur skeletons (Crypt:3)
  A dire elephant skeleton (Crypt:3)
  3 kobold demonologists
  A minotaur zombie (Crypt:1)
  3 tengu conjurers
  An unseen horror (D:10)
  An alligator snapping turtle skeleton (Crypt:3)
  A yaktaur (shapeshifter) (D:14)
  36 yaktaurs
  A minotaur skeleton (Crypt:3)
  5 komodo dragons
  A merfolk (shapeshifter) (Vaults:5)
  A green draconian skeleton (Crypt:1)
  10 trolls
  4 freezing wraiths
  A red devil (Depths:1)
  An unseen horror skeleton (Crypt:1)
  22 merfolk
  A wind drake (shapeshifter) (Depths:3)
  6 hornets
  A grey draconian skeleton (Crypt:2)
  A meliai (D:13)
  2 wind drakes
  A polar bear (Lair:5)
  A harpy zombie (Crypt:2)
  A raiju (shapeshifter) (Elf:3)
  A tarantella zombie (Crypt:2)
  2 culicivora zombies
  A hornet (shapeshifter) (D:14)
  15 blink frogs
  The ghost of ThereIsNoGod the Insei, an amateur OpFi (D:3)
  30 tarantellas
  6 dream sheep (Lair:2)
  A harpy skeleton (Crypt:3)
  17 slime creatures
  An air elemental (Elf:3)
  A human simulacrum (Vaults:2)
  20 jumping spiders
  An ettin skeleton (Crypt:1)
  8 snapping turtles
  A spriggan (shapeshifter) (Depths:2)
  10 flying skulls
  A culicivora (shapeshifter) (D:13)
  3 shadows
  2 centaur simulacra
  12 culicivoras
  6 wyverns
  A jumping spider (shapeshifter) (Vaults:5)
  19 water elementals
  3 vampires
  19 wraiths
  A tyrant leech zombie (Crypt:3)
  23 yaks
  A fire elemental (D:13)
  A black mamba skeleton (Crypt:3)
  15 humans
  4 steam dragons
  7 basilisks
  2 golden eyes (shapeshifter)
  42 redbacks
  A vampire mosquito (D:12)
  5 wargs
  A two-headed ogre zombie (Crypt:3)
  4 acid dragons
  4 hell hounds (D:13)
  19 water moccasins
  The ghost of caveywoolpert the Magician, an amateur DEEE (D:3)
  A swamp drake (Lair:5)
  8 black bears
  26 orc warriors
  4 naga skeletons
  7 ogres
  16 wolves
  7 boggarts
  A blink frog skeleton (Crypt:1)
  2 centaurs
  A phantom (D:5)
  4 kobold brigands
  15 bullfrogs
  An earth elemental (Elf:2)
  4 necrophages
  5 scorpions
  A yaktaur skeleton (Crypt:3)
  A naga simulacrum (Crypt:2)
  2 human skeletons
  A glowing shapeshifter simulacrum (Vaults:2)
  13 killer bees
  A yak zombie (Crypt:1)
  3 nameless horrors
  An electric eel (D:13)
  A polar bear skeleton (Crypt:2)
  9 howler monkeys
  2 jellies
  20 orc priests
  3 hounds
  11 iguanas
  25 orc wizards
  6 hell rats (Lair:1)
  A scorpion zombie (Crypt:3)
  An acid dragon skeleton (Crypt:2)
  A howler monkey zombie (Crypt:2)
  6 gnolls (D:6)
  3 adders
  A shadow imp (D:5)
  2 white imps
  2 ufetubi
  3 worms
  4 dart slugs
  62 orcs
  7 endoplasms
  2 giant cockroaches
  A gnoll zombie (Crypt:2)
  7 goblins
  7 hobgoblins
  4 jackals
  35 kobolds
  2 quokkas
  10 ball pythons
  8 bats
  7 frilled lizards
  A frilled lizard skeleton (Crypt:3)
  A kobold zombie (Crypt:1)
  An orc skeleton (Crypt:3)
  5 rats
  A fulminant prism (Spider:1)
1956 creatures vanquished.

Vanquished Creatures (collateral kills)
  An ancient lich (Crypt:3)
  An orb of fire (Zot:5)
  A Killer Klown (Zot:5)
  4 golden dragons
  6 Orb Guardians (Zot:5)
  A lich (Crypt:3)
  A quicksilver dragon (Zot:3)
  A shadow dragon (Zot:5)
  A draconian scorcher (Zot:2)
  2 draconian stormcallers
  4 ghouls
  3 draconian shifters
  A very ugly thing (Vaults:5)
  2 black draconians
  A reaper (Crypt:1)
  A green draconian (Zot:3)
  A yellow draconian (Zot:4)
  2 red draconians
  2 white draconians (Zot:5)
  3 purple draconians
  An eidolon (Crypt:3)
  A yaktaur captain (Vaults:5)
  A jiangshi (Crypt:1)
  A two-headed ogre (D:11)
  A vampire mage (Crypt:1)
  A deep troll (Vaults:5)
  An orange crystal statue (Zot:5)
  3 phantasmal warriors
  5 moths of wrath
  A smoke demon (Zot:2)
  A demonic crawler (Zot:5)
  A necrophage (Crypt:3)
  A killer bee (D:8)
58 creatures vanquished.

Vanquished Creatures (others)
  A dread lich (Zot:5)
  An orb of fire (Zot:5)
  An ancient lich (Zot:5)
  2 Killer Klowns (Zot:5)
  5 Orb Guardians (Zot:5)
  A tentacled monstrosity (Zot:5)
  A deep elf elementalist (Elf:3)
  A green draconian (Zot:5)
  A spriggan berserker (Depths:1)
  A deep elf zephyrmancer (Elf:3)
  A deep elf pyromancer (Elf:1)
  A wizard (Vaults:3)
  A basilisk (Lair:5)
  A redback (Spider:4)
  An orc wizard (D:10)
  2 bushes (Lair:5)
  75 fulminant prisms
  52 fungi
  184 plants
333 creatures vanquished.

Grand Total: 2347 creatures vanquished

Table legend:
 A = Non-vault XP
 B = Vault XP
 C = Vault XP percentage of total XP
 D = Non-vault monster count
 E = Vault monster count
 F = Vault count percentage of total count
                 A         B        C        D         E       F
            +---------+---------+-------+---------+---------+-------
      Total |  666191 |  491336 |  42.4 |    1348 |     667 |  33.1
            +---------+---------+-------+---------+---------+-------
        D:1 |      39 |       4 |   9.3 |      24 |       2 |   7.7
        D:2 |      69 |       8 |  10.4 |      23 |       3 |  11.5
        D:3 |     155 |     427 |  73.4 |      19 |       4 |  17.4
        D:4 |     113 |       0 |   0.0 |      14 |       0 |   0.0
        D:5 |     420 |       0 |   0.0 |      11 |       0 |   0.0
        D:6 |     975 |      15 |   1.5 |      24 |       5 |  17.2
        D:7 |     580 |       0 |   0.0 |      11 |       0 |   0.0
        D:8 |     964 |     404 |  29.5 |      24 |       4 |  14.3
        D:9 |    1652 |     877 |  34.7 |      18 |       2 |  10.0
       D:10 |    2417 |       0 |   0.0 |      16 |       0 |   0.0
       D:11 |    3014 |    9266 |  75.5 |      23 |      24 |  51.1
       D:12 |    4398 |    8308 |  65.4 |      23 |      25 |  52.1
       D:13 |    6762 |    6679 |  49.7 |      14 |      21 |  60.0
       D:14 |   14723 |    6308 |  30.0 |      29 |      14 |  32.6
       D:15 |   11018 |    5892 |  34.8 |      17 |       7 |  29.2
     Lair:1 |    5153 |       0 |   0.0 |      28 |       0 |   0.0
     Lair:2 |    5485 |    3764 |  40.7 |      22 |      12 |  35.3
     Lair:3 |    2723 |    1148 |  29.7 |      10 |       6 |  37.5
     Lair:4 |    6699 |     196 |   2.8 |      22 |       1 |   4.3
     Lair:5 |   15028 |    6499 |  30.2 |      44 |      26 |  37.1
   Shoals:1 |   21889 |    1180 |   5.1 |      42 |       1 |   2.3
   Shoals:2 |    8019 |       0 |   0.0 |      16 |       0 |   0.0
   Shoals:3 |   10561 |       0 |   0.0 |      23 |       0 |   0.0
   Shoals:4 |    6994 |   12835 |  64.7 |      14 |      21 |  60.0
   Spider:1 |    7099 |       0 |   0.0 |      23 |       0 |   0.0
   Spider:2 |   23090 |     271 |   1.2 |      52 |       1 |   1.9
   Spider:3 |   23031 |       0 |   0.0 |      54 |       0 |   0.0
   Spider:4 |    6666 |   12080 |  64.4 |      18 |      25 |  58.1
      Orc:1 |    2723 |     863 |  24.1 |      36 |       1 |   2.7
      Orc:2 |    3513 |    7678 |  68.6 |      35 |      30 |  46.2
      Elf:1 |   34359 |   11711 |  25.4 |      48 |      19 |  28.4
      Elf:2 |   24078 |    3049 |  11.2 |      36 |       3 |   7.7
      Elf:3 |   18333 |   54476 |  74.8 |      29 |      47 |  61.8
   Vaults:1 |   42407 |   10546 |  19.9 |      58 |      16 |  21.6
   Vaults:2 |   19771 |   29135 |  59.6 |      31 |      37 |  54.4
   Vaults:3 |   31283 |   32941 |  51.3 |      48 |      42 |  46.7
   Vaults:4 |   13601 |   14046 |  50.8 |      27 |      18 |  40.0
   Vaults:5 |   15408 |   83942 |  84.5 |      22 |      81 |  78.6
    Crypt:1 |   13654 |   16706 |  55.0 |      28 |      18 |  39.1
    Crypt:2 |   22366 |     234 |   1.0 |      33 |       1 |   2.9
    Crypt:3 |   31949 |   57917 |  64.4 |      45 |      72 |  61.5
   Depths:1 |   17391 |   15376 |  46.9 |      24 |      17 |  41.5
   Depths:2 |   31931 |   15860 |  33.2 |      40 |      12 |  23.1
   Depths:3 |   14733 |    8235 |  35.9 |      18 |       7 |  28.0
   Depths:4 |   19222 |   12402 |  39.2 |      22 |      10 |  31.2
      Zot:1 |   17652 |    1274 |   6.7 |      16 |       1 |   5.9
      Zot:2 |   14037 |    1914 |  12.0 |      14 |       2 |  12.5
      Zot:3 |   30755 |    9811 |  24.2 |      26 |       9 |  25.7
      Zot:4 |   25433 |       0 |   0.0 |      25 |       0 |   0.0
      Zot:5 |   31856 |   27059 |  45.9 |      29 |      20 |  40.8
            +---------+---------+-------+---------+---------+-------

Illustrated notes

Table legend:
 A = Kills in this place as a percentage of kills in entire the game.
 B = Kills by you in this place as a percentage of kills by you in the entire game.
 C = Kills by friends in this place as a percentage of kills by friends in the entire game.
 D = Other kills in this place as a percentage of other kills in the entire game.
 E = Experience gained in this place as a percentage of experience gained in the entire game.
 F = Experience gained in this place divided by the number of levels of this place that you have seen.
                   A       B       C       D       E      F
               +-------+-------+-------+-------+-------+----------------------
         Total | 100.0 | 100.0 | 100.0 | 100.0 | 100.0 | 22325.3
       Dungeon |  19.9 |  20.6 |   3.4 |   7.7 |   7.6 | 5866.0
          Lair |   8.5 |   8.8 |   0.0 |   0.0 |   4.0 | 9339.0
        Shoals |   5.8 |   5.9 |   0.0 |   7.7 |   5.3 | 15369.5
   Spider Nest |   8.6 |   8.8 |   0.0 |   7.7 |   6.2 | 18059.2
  Orcish Mines |   5.1 |   5.0 |   0.0 |  19.2 |   1.3 | 7388.5
   Elven Halls |   9.0 |   9.2 |   0.0 |  15.4 |  12.6 | 48668.7
        Vaults |  18.8 |  19.2 |   6.9 |  15.4 |  25.2 | 58616.0
         Crypt |   9.8 |   9.4 |  22.4 |   7.7 |  12.3 | 47608.7
        Depths |   7.4 |   7.8 |   0.0 |   0.0 |  11.6 | 33787.5
           Zot |   7.1 |   5.2 |  67.2 |  19.2 |  13.8 | 32135.4
               +-------+-------+-------+-------+-------+----------------------

Table legend: (Time is in decaauts)
 A = Elapsed time spent in this place.
 B = Non-inter-level travel time spent in this place.
 C = Inter-level travel time spent in this place.
 D = Time resting spent in this place.
 E = Time spent auto-exploring this place.
 F = Levels seen in this place.
 G = Mean time per level.
                   A        B        C        D        E       F      G
               +--------+--------+--------+--------+--------+-----+--------+
         Total |  68010 |  63667 |   4343 |  20836 |  25888 |  52 | 1307.9 |
       Dungeon |  15519 |  14049 |   1470 |   2845 |   7682 |  15 | 1034.6 |
        Temple |    164 |    156 |      8 |     34 |     94 |   1 |  164.0 |
          Lair |   7030 |   6421 |    609 |   1469 |   3338 |   5 | 1406.0 |
        Shoals |   4107 |   3908 |    199 |   1286 |   1567 |   4 | 1026.8 |
   Spider Nest |   6058 |   5638 |    420 |   1902 |   2114 |   4 | 1514.5 |
  Orcish Mines |   2066 |   1907 |    159 |    490 |    897 |   2 | 1033.0 |
   Elven Halls |   7256 |   7080 |    176 |   3849 |   1832 |   3 | 2418.7 |
        Vaults |   9669 |   9163 |    506 |   2711 |   3670 |   5 | 1933.8 |
         Crypt |   4031 |   3758 |    273 |   1045 |   1436 |   3 | 1343.7 |
        Depths |   7046 |   6644 |    402 |   3329 |   1518 |   4 | 1761.5 |
           Zot |   4920 |   4803 |    117 |   1872 |   1603 |   5 |  984.0 |
        Bazaar |    140 |    140 |      0 |      0 |    133 |   1 |  140.0 |
               +--------+--------+--------+--------+--------+-----+--------+

Top non-repeatable levels by time:
Depths:2: 2813 daAuts
   Elf:3: 2710 daAuts
   Elf:1: 2590 daAuts
    D:15: 2472 daAuts
  Lair:5: 2350 daAuts
Spider:2: 2315 daAuts
Vaults:1: 2250 daAuts
Vaults:2: 2063 daAuts
Vaults:5: 2017 daAuts
Vaults:3: 1957 daAuts
   Elf:2: 1955 daAuts
 Crypt:3: 1724 daAuts
    D:13: 1655 daAuts
Depths:1: 1605 daAuts
   Zot:3: 1589 daAuts
